AoeStats
← neozozevil45

Nomad

509257317Analyzed
4v4 RM · 5d ago on Sep 26, 2026· 24m 56s· 8 players
Game mode
Random Map
Map size
231×231
Population
200
Speed
Normal
Resources
Standard
Victory
Conquest
Starting age
Dark Age
Ending age
Imperial Age
RankedLock teamsTeams togetherTeam positionsShared explorationLock speedFull tech treeHidden civsTurbo modeCheats
Victory
Defeat
🇲🇽 Vietnamese · Mexico
1124
+11
🇲🇽 Berbers · Mexico
1091
+12
🇰🇷 Varangians · South Korea
1068
+13
🇺🇸 Tupi · United States
950
+18
🇹🇼 Ethiopians · Taiwan
1051
-15
🇹🇼 Magyars · Taiwan
1009
-14
🇨🇳 Vikings · China
998
-13
🇹🇼 Persians · Taiwan
959
-12
Huai
14:21 Feudal Age
12:44 Loom
15:44 Double-Bit Axe
19:58 Castle Age
18:43 Fishing Lines
18:46 Horse Collar
23:01 Gillnets
DirtyDan
14:46 Feudal Age
14:16 Loom
20:18 Fishing Lines
24:45 Castle Age
24:05 Wheelbarrow
karewellx
4:36 Loom
16:12 Feudal Age
19:29 Double-Bit Axe
23:24 Wheelbarrow
高老头子
4:32 Loom
13:54 Feudal Age
20:37 Castle Age
19:36 Fishing Lines
20:02 Fletching
20:07 Double-Bit Axe
21:37 Bodkin Arrow
21:56 Bow Saw
24:48 Padded Archer Armor
24:59 Forging
neozozevil45
15:05 Feudal Age
17:21 Stone Mining
23:39 Castle Age
21:55 Horse Collar
22:01 Double-Bit Axe
22:14 Loom
24:26 Fletching
24:36 Padded Archer Armor
omarUMP
4:00 Loom
16:48 Feudal Age
21:35 Castle Age
21:49 Crossbowman
22:38 Thumb Ring
NeessQuiick
9:01 Loom
14:27 Feudal Age
18:53 Castle Age
17:23 Stone Mining
17:20 Double-Bit Axe
24:24 Fletching
24:39 Scale Barding Armor
Alpenhime
5:00 Loom
13:58 Feudal Age
17:55 Castle Age
17:29 Double-Bit Axe
19:30 Bow Saw
19:36 Town Watch
20:54 Fletching
22:00 Bodkin Arrow
21:54 Horse Collar
22:58 Heavy Plow
Connection lost

Rejoining the realm…

Still unreachable

The connection could not be restored.

Session expired

The server has moved on; the page needs a fresh start.